[Event "Titled Tuesday Blitz May 16 Early 2023"]
[White "Sviridov, Valery"]
[Black "Ismagilov, Damir"]
[WhiteFideId "4120680"]
[BlackFideId "34199982"]
[WhiteElo "2457"]
[BlackElo "2143"]
[Result "1-0"]
[Round "04"]
[TimeControl "180+2"]
[Date "2023.05.16"]
[WhiteClock "0:01:42"]
[BlackClock "0:00:11"]

1. d4 Nf6 2. Nf3 b6 3. e3 Bb7 4. Nbd2 g6 5. Bd3 Bg7 6. e4 d6 7. O-O O-O 8. Re1 e6 9. Qe2 c5 10. e5 Nd5 11. Ne4 dxe5 12. dxe5 Nb4 13. Bg5 Qc7 14. Nf6+ Kh8 15. Be4 Nd5 16. c4 Ne7 17. Rad1 Nf5 18. g4 Nd4 19. Nxd4 cxd4 20. Rxd4 h6 21. Bxb7 Qxb7 22. Bf4 Nc6 23. Rd7 Qa6 24. b3 Rad8 25. Red1 Qc8 26. R7d6 Rxd6 27. Rxd6 Rd8 28. Qd2 Rxd6 29. Qxd6 Qd8 30. Qxd8+ Nxd8 31. Nd7 g5 32. Bd2 Nc6 33. Bc3 Kh7 34. Kg2 Kg6 35. Kf3 h5 36. h3 h4 37. Ke4 Ne7 38. b4 Nc6 39. b5 Nd8 40. a4 Nb7 41. Bb4 f6 42. exf6 Bxf6 43. c5 bxc5 44. Nxc5 Nd6+ 45. Kd3 e5 46. Ne4 Nb7 47. Bc5 Nxc5+ 48. Nxc5 Kf7 49. Ke4 Ke7 50. Kd5 Bh8 51. f3 Kd8 52. Nd3 Kc7 53. Nxe5 Kb6 54. Nc4+ Kb7 55. a5 Bc3 56. a6+ Kc7 57. Kc5 Bf6 58. b6+ axb6+ 59. Nxb6 Kb8 60. Nd7+ Ka7 61. Nxf6 Kxa6 62. Ne4 Kb7 63. Nxg5 Kc7 64. f4 Kd7 65. f5 Ke8 66. Kd6 Kf8 67. Ke6 Kg7 68. f6+ Kf8 69. f7 Kg7 70. Ke7 Kg6 71. f8=Q Kxg5 72. Qf6# 1-0


[Site "https://www.chess.com"]

[Event "Titled Tuesday Blitz May 16 Early 2023"]
[White "Averjanov, Alexey"]
[Black "Andreev, Konstantin"]
[WhiteFideId "14109867"]
[BlackFideId "24239305"]
[WhiteElo "2801"]
[BlackElo "2106"]
[Result "1-0"]
[Round "04"]
[TimeControl "180+2"]
[Date "2023.05.16"]
[WhiteClock "0:00:43"]
[BlackClock "0:01:37"]

1. d4 Nf6 2. c4 e6 3. Nf3 d5 4. e3 Be7 5. Nbd2 O-O 6. Bd3 b6 7. O-O Bb7 8. Qe2 c5 9. b3 Nbd7 10. Bb2 cxd4 11. exd4 Rc8 12. Rac1 dxc4 13. bxc4 Qc7 14. Rfd1 Rfe8 15. Ne5 Nxe5 16. dxe5 Nd7 17. Bb1 Nf8 18. Ne4 Qc6 19. Qg4 Kh8 20. Nd6 Bxd6 21. exd6 f6 22. Rc3 Red8 23. Rg3 Rd7 24. Bxf6 Qxc4 25. Bxg7+ Kg8 26. Bd4+ Kf7 27. Qh5+ Ng6 28. Bxg6+ hxg6 29. Qxg6+ 1-0


[Site "https://www.chess.com"]

[Event "Titled Tuesday Blitz May 16 Early 2023"]
[White "Spata, German"]
[Black "Aydincelebi, Kagan"]
[WhiteFideId "113026"]
[BlackFideId "6361102"]
[WhiteElo "2260"]
[BlackElo "2180"]
[Result "1-0"]
[Round "04"]
[TimeControl "180+2"]
[Date "2023.05.16"]
[WhiteClock "0:00:05"]
[BlackClock "0:00:19"]

1. Nf3 c5 2. e3 g6 3. d4 Bg7 4. Be2 Nf6 5. O-O O-O 6. b3 b6 7. Bb2 Bb7 8. c4 cxd4 9. Nxd4 Nc6 10. Nc3 Rc8 11. Rc1 Nxd4 12. Qxd4 d5 13. Nxd5 Nh5 14. Qd2 Bxb2 15. Qxb2 Bxd5 16. Rcd1 Nf6 17. cxd5 Rc5 18. Bf3 Qc7 19. Rd2 Rc8 20. d6 Qd8 21. dxe7 Qxe7 22. Rfd1 a5 23. h3 b5 24. Rd6 Kg7 25. Rd7 Qe6 26. R7d6 Qe7 27. Rd7 Qe6 28. Bg4 Qe5 29. Qxe5 Rxe5 30. Rxf7+ Kxf7 31. Bxc8 Rc5 32. Ba6 Nd5 33. a4 Nc3 34. Rd7+ Ke6 35. Rxh7 bxa4 36. bxa4 Nxa4 37. Bd3 Kf6 38. Ra7 Nb2 39. Ra6+ Ke5 40. f4+ Kd5 41. Bxg6 a4 42. f5 Ke5 43. f6 Rc1+ 44. Kh2 Rc8 45. f7 Rf8 46. h4 Nc4 47. h5 Nd6 48. h6 Nxf7 49. Bxf7 Rxf7 50. Rxa4 Rh7 51. Ra6 Ke4 52. Kg3 Kxe3 53. Kg4 Ke4 54. Kg5 Rh8 55. g4 Ke5 56. Kh5 Kf4 57. g5 Rb8 58. Rf6+ Ke5 59. h7 Rb1 60. Kg6 Rh1 61. Kg7 1-0


[Site "https://www.chess.com"]

[Event "Titled Tuesday Blitz May 16 Early 2023"]
[White "Cherniaiev, Tykhon"]
[Black "egorchess95"]
[WhiteFideId "14182360"]
[WhiteElo "2450"]
[BlackElo "2564"]
[Result "0-1"]
[Round "04"]
[TimeControl "180+2"]
[Date "2023.05.16"]
[WhiteClock "0:00:08"]
[BlackClock "0:00:35"]

1. Nf3 d5 2. d4 Nf6 3. c4 e6 4. Nc3 c6 5. e3 Nbd7 6. cxd5 exd5 7. Bd3 Bd6 8. O-O O-O 9. h3 Re8 10. Qc2 Nf8 11. e4 dxe4 12. Nxe4 Nxe4 13. Bxe4 Be6 14. Bg5 Be7 15. Bxe7 Rxe7 16. Rfe1 Ng6 17. a3 Bd5 18. Bxd5 Rxe1+ 19. Rxe1 Qxd5 20. Qd2 Rd8 21. Qb4 Qd7 22. Qc5 a6 23. Qb6 h6 24. Qc5 Qd5 25. Qc2 Nf4 26. Kh2 Ne6 27. Qd3 c5 28. Re5 Qd6 29. Kh1 Nxd4 30. Re3 Nxf3 31. Qxd6 Rxd6 32. Rxf3 Rd2 33. b3 Kf8 34. Rc3 b6 35. b4 cxb4 36. axb4 Rxf2 37. Rc6 Rf6 38. Rc8+ Ke7 39. Rc7+ Kd6 40. Ra7 Kc6 41. Rxa6 Kb5 42. Ra8 Kxb4 43. Rg8 g6 44. g4 b5 45. Rh8 g5 46. Kg2 Kb3 47. Kg3 b4 48. h4 Kb2 49. hxg5 hxg5 50. Rh5 b3 51. Rxg5 Kb1 52. Rb5 b2 53. Rc5 Ra6 54. Rf5 Ka1 55. Rxf7 b1=Q 56. Rf5 Qe4 57. Rf1+ Kb2 58. Rf2+ Kc3 59. Rf3+ Kd4 60. Rf4 Qxf4+ 61. Kxf4 Rf6+ 62. Kg5 Ke5 63. Kh5 Kf4 64. g5 Rf5 65. Kh6 Rxg5 66. Kh7 Kg4 67. Kh6 Kf5 68. Kh7 Kf6 69. Kh6 Re5 70. Kh7 Kf7 71. Kh6 Rd5 72. Kh7 Rh5# 0-1


[Site "https://www.chess.com"]

[Event "Titled Tuesday Blitz May 16 Early 2023"]
[White "Karthik Rajaa"]
[Black "Jovic, Stanoje"]
[WhiteFideId "25035215"]
[BlackFideId "905020"]
[WhiteElo "2215"]
[BlackElo "2236"]
[Result "1-0"]
[Round "04"]
[TimeControl "180+2"]
[Date "2023.05.16"]
[WhiteClock "0:00:08"]
[BlackClock "0:00:25"]

1. Nf3 Nf6 2. c4 c5 3. Nc3 Nc6 4. e3 d5 5. cxd5 Nxd5 6. Bb5 Nxc3 7. bxc3 Bd7 8. O-O g6 9. d4 Bg7 10. a4 a6 11. Be2 cxd4 12. cxd4 O-O 13. Ba3 Re8 14. Rb1 b5 15. axb5 axb5 16. Bc5 b4 17. d5 Ne5 18. Bxb4 Bf5 19. Rc1 Be4 20. Nxe5 Bxe5 21. Bb5 Bxh2+ 22. Kxh2 Qb8+ 23. Kg1 Qxb5 24. Bc3 Qxd5 25. Qg4 Qf5 26. Qh4 h5 27. Bd4 e5 28. Rc5 Ra4 29. Qg3 f6 30. f3 Bd3 31. Rd1 Rb8 32. e4 Qg5 33. Qxg5 fxg5 34. Bxe5 Rb3 35. Rc8+ Kf7 36. Rc7+ Ke6 37. Bg3 g4 38. Rc6+ Kf7 39. Rd6 Raa3 40. Bf2 gxf3 41. gxf3 Be2 42. Rd7+ Ke6 43. R1d6+ Ke5 44. Bg3# 1-0


[Site "https://www.chess.com"]

[Event "Titled Tuesday Blitz May 16 Early 2023"]
[White "Baghdasaryan, Vahe"]
[Black "Moussard, Jules"]
[WhiteFideId "13303139"]
[BlackFideId "642908"]
[WhiteElo "2216"]
[BlackElo "2610"]
[Result "0-1"]
[Round "04"]
[TimeControl "180+2"]
[Date "2023.05.16"]
[WhiteClock "0:00:00"]
[BlackClock "0:00:03"]

1. e4 c5 2. Nf3 e6 3. d4 cxd4 4. Nxd4 Nc6 5. Nc3 Qc7 6. Be2 Nf6 7. O-O Be7 8. Be3 O-O 9. f4 d6 10. Qe1 Bd7 11. Rd1 Nxd4 12. Bxd4 Bc6 13. Qg3 a6 14. Kh1 b5 15. a3 Rad8 16. Bd3 Qb7 17. Rde1 Ne8 18. Qh3 h6 19. Re3 Bf6 20. Ne2 e5 21. Bc3 Qe7 22. Ng3 Bd7 23. Nf5 Bxf5 24. exf5 Qc7 25. fxe5 dxe5 26. Rfe1 Rd5 27. Qg4 a5 28. Qe4 Rc5 29. Bd2 Nd6 30. Qg4 Kh8 31. Rg3 e4 32. Rh3 Kh7 33. Bxh6 gxh6 34. Qf4 Nxf5 35. Qxc7 Rxc7 36. Bxe4 Rc5 37. g4 Bxb2 38. Bxf5+ Kg7 39. Rf3 Rc3 40. Rxc3 Bxc3 41. Re7 Bb2 42. Rb7 b4 43. axb4 a4 44. Ra7 a3 45. b5 Rb8 46. c4 Rd8 47. Be6 Bd4 48. Rxf7+ Kg6 49. Rf2 Bxf2 50. Bf5+ Kg5 0-1


[Site "https://www.chess.com"]

[Event "Titled Tuesday Blitz May 16 Early 2023"]
[White "Grischuk, Alexander"]
[Black "Levitskiy, Andrey"]
[WhiteFideId "4126025"]
[BlackFideId "14132885"]
[WhiteElo "2721"]
[BlackElo "2347"]
[Result "1-0"]
[Round "04"]
[TimeControl "180+2"]
[Date "2023.05.16"]
[WhiteClock "0:01:09"]
[BlackClock "0:00:00"]

1. Nf3 d5 2. g3 Nd7 3. d4 Nb6 4. Nc3 Nf6 5. Bg2 Bf5 6. Nh4 e6 7. Nxf5 exf5 8. Qd3 Qd7 9. O-O c6 10. f3 Bb4 11. Nd1 O-O 12. Nf2 Nc4 13. e4 fxe4 14. fxe4 Nb6 15. e5 Ng4 16. Nd1 f6 17. h3 Nxe5 18. dxe5 fxe5 19. c3 Bd6 20. Qe2 Rxf1+ 21. Bxf1 e4 22. Qg4 Qxg4 23. hxg4 Bxg3 24. Kg2 Bd6 25. Ne3 g6 26. Nc2 Nd7 27. Be2 Rf8 28. Be3 b6 29. Nd4 c5 30. Nb5 Bb8 31. Rd1 a6 32. Na3 d4 33. cxd4 cxd4 34. Rxd4 Ne5 35. Rxe4 1-0


[Site "https://www.chess.com"]

[Event "Titled Tuesday Blitz May 16 Early 2023"]
[White "Demchenko, Anton"]
[Black "Akash G"]
[WhiteFideId "4160258"]
[BlackFideId "5040299"]
[WhiteElo "2545"]
[BlackElo "2395"]
[Result "0-1"]
[Round "04"]
[TimeControl "180+2"]
[Date "2023.05.16"]
[WhiteClock "0:00:05"]
[BlackClock "0:00:02"]

1. e4 e5 2. Nf3 Nc6 3. Bc4 Nf6 4. d3 Bc5 5. Bg5 h6 6. Bh4 d6 7. c3 a6 8. Nbd2 Ba7 9. O-O g5 10. Bg3 Qe7 11. Kh1 Be6 12. b4 Nh5 13. a4 O-O 14. h3 Nxg3+ 15. fxg3 f5 16. Nh2 fxe4 17. dxe4 Rxf1+ 18. Qxf1 Rf8 19. Qd3 Kg7 20. b5 Nd8 21. bxa6 bxa6 22. Bxe6 Nxe6 23. Qxa6 Bf2 24. Rf1 Bxg3 25. Rxf8 Qxf8 26. Qe2 Nc5 27. Ng4 Bf4 28. Nc4 Qa8 29. Nce3 Qxe4 30. Qf3 Qxf3 31. gxf3 h5 32. Nf5+ Kg6 33. Nge3 Nxa4 34. c4 Kf6 35. Kg2 Nb2 36. Kf2 Nxc4 37. Nxc4 Kxf5 38. Na5 d5 39. Nc6 e4 40. Nd4+ Ke5 41. Nc6+ Kd6 42. Nd8 c5 43. fxe4 dxe4 44. Ke2 c4 45. Nb7+ Kd5 46. Na5 c3 47. Kd1 Kc5 48. Nb3+ Kb4 49. Na1 Kc4 50. Nc2 Kd3 51. Nb4+ Ke3 52. Nd5+ Kd4 53. Nb4 g4 54. hxg4 hxg4 55. Ke2 g3 56. Nc2+ Kc4 57. Ne1 Be5 58. Ke3 Kb5 59. Kxe4 c2 60. Nxc2 g2 61. Kxe5 g1=Q 62. Nd4+ Kc4 63. Ne6 Qe3+ 64. Kd6 Qd3+ 65. Ke5 Qd5+ 66. Kf6 Qd6 67. Kf5 Kd5 68. Nf4+ Kc6 69. Ne6 Qe7 70. Nf4 Kd6 71. Kg4 Qf6 72. Nh5 Qg6+ 73. Kh4 Ke5 74. Ng3 Qg7 75. Nh5 Qg8 76. Ng3 Kf4 77. Nh5+ Kf3 78. Nf6 Qg6 79. Ng4 Qxg4# 0-1


[Site "https://www.chess.com"]

[Event "Titled Tuesday Blitz May 16 Early 2023"]
[White "Vlassov, Nikolai"]
[Black "Madaminov, Mukhiddin"]
[WhiteFideId "4103360"]
[BlackFideId "14210703"]
[WhiteElo "2324"]
[BlackElo "2511"]
[Result "1-0"]
[Round "04"]
[TimeControl "180+2"]
[Date "2023.05.16"]
[WhiteClock "0:00:13"]
[BlackClock "0:01:21"]

1. e4 e5 2. Bc4 Nf6 3. d3 Nc6 4. Nf3 h6 5. Nc3 d6 6. a4 g5 7. Be3 Bg7 8. h3 O-O 9. Nd2 Ne7 10. Nf1 d5 11. exd5 Nexd5 12. Nxd5 Nxd5 13. g4 f5 14. gxf5 Bxf5 15. Ng3 Be6 16. Nh5 Qd7 17. Nxg7 Kxg7 18. Qd2 Nxe3 19. Qxe3 Bxc4 20. dxc4 Qd4 21. Rd1 Qxe3+ 22. fxe3 Kf6 23. Rd7 Rf7 24. Rf1+ Kg6 25. Rdxf7 Rh8 26. R1f6+ Kh5 27. Rxc7 Kh4 28. Rxb7 Kxh3 29. c5 g4 30. Kf1 g3 31. Kg1 h5 32. c6 Rd8 33. Rd7 Rb8 34. c7 Rc8 35. Rff7 h4 36. Rd8 Rxc7 37. Rxc7 e4 38. Rg7 a5 39. Rh8 g2 40. Rxh4+ Kxh4 41. Kxg2 Kh5 42. Ra7 Kh6 43. Rxa5 Kg6 44. Re5 Kf6 45. Rxe4 Kf5 46. Rf4+ Ke5 47. a5 Kd6 48. a6 Kc7 49. a7 Kb7 50. Ra4 Ka8 51. e4 Kb7 52. a8=Q+ Kb6 53. Qa7+ Kb5 54. Qa6+ Kc5 55. Rc4# 1-0


[Site "https://www.chess.com"]

[Event "Titled Tuesday Blitz May 16 Early 2023"]
[White "Herrera Ortiz, Miguel"]
[Black "Tang, Andrew"]
[WhiteFideId "5100550"]
[BlackFideId "2059630"]
[WhiteElo "2622"]
[BlackElo "2596"]
[Result "0-1"]
[Round "04"]
[TimeControl "180+2"]
[Date "2023.05.16"]
[WhiteClock "0:00:12"]
[BlackClock "0:00:03"]

1. e4 e5 2. Nf3 Nc6 3. Bc4 Nf6 4. d4 exd4 5. e5 d5 6. Bb5 Ne4 7. Nxd4 Bc5 8. Be3 Bd7 9. Bxc6 bxc6 10. O-O Qe7 11. f3 Nd6 12. f4 Nc4 13. Bc1 f6 14. exf6 Qxf6 15. Re1+ Kf7 16. c3 Rae8 17. Rf1 Re4 18. Kh1 Bxd4 19. cxd4 Rxd4 20. Qf3 Re8 21. Nc3 Bf5 22. Ne2 Rd3 23. Qf2 Nd2 24. Re1 Qe6 25. Qxa7 Nc4 26. b3 Nd6 27. Qxc7+ Re7 28. Qxc6 Qxe2 29. Ba3 Qxe1+ 0-1


[Site "https://www.chess.com"]

[Event "Titled Tuesday Blitz May 16 Early 2023"]
[White "Matlakov, Maxim"]
[Black "Lenaerts, Lennert"]
[WhiteFideId "4168003"]
[BlackFideId "211435"]
[WhiteElo "2666"]
[BlackElo "2334"]
[Result "0-1"]
[Round "04"]
[TimeControl "180+2"]
[Date "2023.05.16"]
[WhiteClock "0:00:00"]
[BlackClock "0:00:13"]

1. d4 d5 2. Nf3 Nf6 3. e3 Bf5 4. c4 c6 5. Nc3 e6 6. Nh4 Be4 7. f3 Bg6 8. Qb3 Qc7 9. Bd2 Be7 10. g3 a6 11. Rc1 dxc4 12. Bxc4 b5 13. Be2 Nbd7 14. O-O c5 15. Nxg6 hxg6 16. Ne4 Nxe4 17. fxe4 O-O 18. a4 Rab8 19. axb5 axb5 20. Rfd1 Qb6 21. Be1 Rfd8 22. Bf2 Nf6 23. Bf3 c4 24. Qc2 Rbc8 25. Qe2 e5 26. Kg2 Re8 27. dxe5 Nh7 28. Rd5 Ng5 29. h4 Nxf3 30. Qxf3 b4 31. h5 c3 32. bxc3 bxc3 33. Rd3 Bb4 34. Rd4 Ba3 35. Rc2 Bb2 36. Rd6 Qb3 37. hxg6 fxg6 38. Qd1 Rxe5 39. Rxg6 Rce8 40. Qg4 Qb7 41. Kh2 Rxe4 42. Qe2 Ra4 43. Rg5 Qe4 44. Qh5 Ra1 45. Rxg7+ Kxg7 46. Qg5+ Qg6 0-1


[Site "https://www.chess.com"]

[Event "Titled Tuesday Blitz May 16 Early 2023"]
[White "Kozak, Adam"]
[Black "Popilski, Gil"]
[WhiteFideId "753246"]
[BlackFideId "2809060"]
[WhiteElo "2469"]
[BlackElo "2537"]
[Result "0-1"]
[Round "04"]
[TimeControl "180+2"]
[Date "2023.05.16"]
[WhiteClock "0:00:00"]
[BlackClock "0:00:17"]

1. e4 c5 2. Nc3 e6 3. d4 cxd4 4. Qxd4 Nc6 5. Qe3 a6 6. Bd2 b5 7. O-O-O Nf6 8. h3 Bb7 9. f4 b4 10. Nd5 Qa5 11. Bc4 Bc5 12. Nxf6+ gxf6 13. Qe1 Rg8 14. g4 Nd4 15. Ne2 Nf3 16. Qg3 Bxe4 17. Rhf1 d5 18. Bb3 Nxd2 19. Rxd2 Qb5 20. Rfd1 a5 21. a4 bxa3 22. Nc3 Qb4 23. Ba4+ Ke7 24. b3 Rgc8 25. Kb1 Bd6 26. Nxe4 Qxe4 27. Rf1 Rab8 28. Ka1 Rxc2 29. Re1 Rxd2 30. Rxe4 Rd1+ 31. Ka2 dxe4 32. Qc3 Rd8 33. g5 fxg5 34. fxg5 e5 35. Qxa5 e3 36. Qa7+ Kf8 37. Qxe3 Bb4 38. Qxe5 R8d2+ 0-1


[Site "https://www.chess.com"]

[Event "Titled Tuesday Blitz May 16 Early 2023"]
[White "Soham Kamotra"]
[Black "Quesada Perez, Yuniesky"]
[WhiteFideId "46647490"]
[BlackFideId "3504409"]
[WhiteElo "2209"]
[BlackElo "2585"]
[Result "1-0"]
[Round "04"]
[TimeControl "180+2"]
[Date "2023.05.16"]
[WhiteClock "0:00:19"]
[BlackClock "0:00:00"]

1. d4 d5 2. Nf3 Nf6 3. e3 c5 4. Bd3 Nc6 5. c3 Bg4 6. Nbd2 e6 7. O-O a6 8. Qe2 Rc8 9. Re1 Qc7 10. h3 Bh5 11. b3 cxd4 12. exd4 Be7 13. Nf1 O-O 14. Bd2 Bd6 15. a4 Rfe8 16. Bg5 Na5 17. b4 Nb3 18. Ra3 Qxc3 19. Bxf6 gxf6 20. g4 Bg6 21. Bxg6 hxg6 22. Qd1 Qc6 23. Qxb3 e5 24. dxe5 fxe5 25. Raa1 d4 26. Ng5 Qd7 27. Ng3 Rc3 28. Qd5 Qe7 29. N5e4 Bb8 30. Nxc3 dxc3 31. b5 Rd8 32. Qc4 1-0


[Site "https://www.chess.com"]

[Event "Titled Tuesday Blitz May 16 Early 2023"]
[White "Novik, Maxim"]
[Black "Babazada, Khazar"]
[WhiteFideId "4102924"]
[BlackFideId "13413554"]
[WhiteElo "2287"]
[BlackElo "2351"]
[Result "1-0"]
[Round "04"]
[TimeControl "180+2"]
[Date "2023.05.16"]
[WhiteClock "0:00:58"]
[BlackClock "0:01:16"]

1. d4 Nf6 2. c4 g6 3. Nc3 d5 4. cxd5 Nxd5 5. e4 Nxc3 6. bxc3 Bg7 7. Nf3 O-O 8. Be2 c5 9. O-O b6 10. Be3 Qc7 11. Qd2 Ba6 12. Bxa6 Nxa6 13. d5 c4 14. Bd4 e5 15. dxe6 fxe6 16. Bxg7 Qxg7 17. e5 Nc5 18. Qd4 g5 19. Qxc4 Rf4 20. Qe2 Raf8 21. Nd4 Re4 22. Qd2 Rxd4 23. cxd4 Nd7 24. Rac1 h6 25. Rc7 Rf7 26. Rfc1 Nf8 27. Rxf7 Qxf7 28. Qc2 Qf4 29. Qc3 Ng6 30. g3 Qe4 31. Qc2 1-0


[Site "https://www.chess.com"]

[Event "Titled Tuesday Blitz May 16 Early 2023"]
[White "Bortnyk, Mykola"]
[Black "Orlov, Georgi"]
[WhiteFideId "14120836"]
[BlackFideId "2011271"]
[WhiteElo "2582"]
[BlackElo "2609"]
[Result "0-1"]
[Round "04"]
[TimeControl "180+2"]
[Date "2023.05.16"]
[WhiteClock "0:00:00"]
[BlackClock "0:00:27"]

1. Nf3 Nf6 2. d4 e6 3. c4 Nc6 4. d5 exd5 5. cxd5 Bb4+ 6. Nc3 Ne7 7. e4 Nxe4 8. Qd4 Bxc3+ 9. bxc3 Nf6 10. c4 d6 11. Bb2 Nf5 12. Qd3 Qe7+ 13. Be2 O-O 14. O-O Ne4 15. Rfe1 Nc5 16. Qd2 f6 17. Bd1 Qf7 18. Bc2 Nh6 19. Nd4 Bd7 20. Re3 Rae8 21. Rg3 Kh8 22. Qf4 Re5 23. h4 Rfe8 24. Nf3 Re2 25. Rc1 Ne4 26. Bd3 Nxg3 27. Bc3 Nh5 28. Qd4 R2e7 29. Nh2 Bf5 30. Bf1 b6 31. Qd1 Nf4 32. Qf3 Ne2+ 33. Bxe2 Rxe2 34. g4 Nxg4 35. Nxg4 Qg6 36. Kf1 Bxg4 37. Qg3 Qf5 38. Bd4 Bh3+ 39. Kg1 R2e4 40. Kh2 Rxd4 41. Qxh3 Qxf2+ 0-1


[Site "https://www.chess.com"]

[Event "Titled Tuesday Blitz May 16 Early 2023"]
[White "Iskusnyh, Sergei"]
[Black "Drygalov, Sergey"]
[WhiteFideId "4120027"]
[BlackFideId "24171743"]
[WhiteElo "2492"]
[BlackElo "2533"]
[Result "0-1"]
[Round "04"]
[TimeControl "180+2"]
[Date "2023.05.16"]
[WhiteClock "0:00:00"]
[BlackClock "0:00:19"]

1. d4 Nf6 2. c4 e6 3. g3 Bb4+ 4. Bd2 a5 5. Bg2 d5 6. Nf3 dxc4 7. O-O O-O 8. Bg5 h6 9. Bxf6 Qxf6 10. Qc2 Nc6 11. Qxc4 e5 12. d5 Nd4 13. Nxd4 exd4 14. a3 Bd6 15. Nd2 Bg4 16. Ne4 Qe5 17. Bf3 Bf5 18. Nxd6 cxd6 19. Rfd1 d3 20. e4 Bg6 21. Qxd3 Rac8 22. Qd4 Qe7 23. Rac1 Rfe8 24. Rxc8 Rxc8 25. h4 h5 26. Qb6 Rc2 27. Qxa5 Qf6 28. Rd3 Qxb2 29. Qa7 b6 30. Qb8+ Kh7 31. Qxd6 Rxf2 32. Qb4 Rxf3 33. Qxb2 Rxd3 34. Qxb6 Bxe4 35. d6 Bf5 36. Qb5 Kg6 37. Qc5 Rd2 38. Kf1 Bg4 39. Ke1 Rd1+ 40. Kf2 Kf6 41. Qg5+ Ke6 42. Qxg7 Rxd6 43. Qf8 Rd3 0-1


[Site "https://www.chess.com"]

[Event "Titled Tuesday Blitz May 16 Early 2023"]
[White "Keymer, Vincent"]
[Black "Agibileg, Uurtsaikh"]
[WhiteFideId "12940690"]
[BlackFideId "4901606"]
[WhiteElo "2669"]
[BlackElo "2353"]
[Result "1-0"]
[Round "04"]
[TimeControl "180+2"]
[Date "2023.05.16"]
[WhiteClock "0:00:39"]
[BlackClock "0:00:18"]

1. a3 b6 2. Nf3 Bb7 3. b4 Nf6 4. Bb2 e6 5. c4 a5 6. b5 d5 7. e3 Be7 8. cxd5 exd5 9. Nc3 O-O 10. Be2 Nbd7 11. O-O Nc5 12. Rc1 Bd6 13. d3 Qe7 14. Re1 Kh8 15. Bf1 Rae8 16. Nd4 Qe5 17. g3 Qg5 18. Rc2 h5 19. Qf3 Bc8 20. h4 Qg6 21. Rd2 Re5 22. Qh1 Rfe8 23. Nc6 Rxe3 24. Rxe3 Rxe3 25. fxe3 Qxg3+ 26. Qg2 Qxh4 27. Nxd5 Ng4 28. Nf4 Kh7 29. Qh3 Qxh3 30. Bxh3 Nxe3 31. Bxc8 Bxf4 32. Re2 Nxd3 33. Bd4 1-0


[Site "https://www.chess.com"]

[Event "Titled Tuesday Blitz May 16 Early 2023"]
[White "Shimanov, Aleksandr"]
[Black "Munkhgal, Gombosuren"]
[WhiteFideId "4198603"]
[BlackFideId "4901266"]
[WhiteElo "2631"]
[BlackElo "2528"]
[Result "1-0"]
[Round "04"]
[TimeControl "180+2"]
[Date "2023.05.16"]
[WhiteClock "0:00:05"]
[BlackClock "0:00:00"]

1. e4 e6 2. d4 d5 3. exd5 exd5 4. Nf3 Nf6 5. Bd3 c5 6. O-O Nc6 7. Re1+ Be7 8. dxc5 O-O 9. Nc3 Bxc5 10. Bg5 Be6 11. a3 h6 12. Bh4 Re8 13. Qd2 Rc8 14. Rad1 a6 15. h3 d4 16. Ne2 Bd5 17. Nh2 Qd6 18. Bxf6 Qxf6 19. Nf4 Be6 20. Re2 Bd6 21. Nxe6 Rxe6 22. Rxe6 fxe6 23. Nf3 Rf8 24. Qe2 Ne5 25. Nd2 Qf4 26. g3 Qf7 27. Ne4 Bb8 28. Kg2 Kh8 29. Rf1 Nf3 30. Nc5 Ng5 31. h4 Nf3 32. Qe4 g5 33. hxg5 Nxg5 34. Qg4 Qe7 35. Ne4 Nxe4 36. Qxe4 Rf5 37. Rh1 Kg7 38. Qxd4+ Qf6 39. Qd7+ Qf7 40. Qxf7+ Rxf7 41. Be4 Ba7 42. f4 e5 43. f5 Rd7 44. Kf3 Rd2 45. Re1 h5 46. Bd3 Rf2+ 47. Ke4 Kf6 48. Rh1 Kg5 49. Kxe5 Bb8+ 50. Ke6 Bxg3 51. a4 h4 52. a5 Rf4 53. c4 Rd4 54. Be2 Rd2 55. Bf3 Rf2 56. Be4 Re2 57. Kd5 Kf4 58. Bd3 Rd2 59. Kd4 Bf2+ 60. Kc3 Ke3 61. Bc2 Bg3 62. Kb3 Rf2 63. c5 Kd4 64. Rd1+ Kxc5 65. Be4 Rf4 66. Rd5+ Kc6 67. Rd4+ Kc5 68. Rc4+ Kd6 69. Bxb7 Rxf5 70. Ka4 Rxa5+ 71. Kxa5 h3 72. Kxa6 h2 73. b4 Bf2 74. Bh1 Bg1 75. b5 1-0


[Site "https://www.chess.com"]

[Event "Titled Tuesday Blitz May 16 Early 2023"]
[White "Mekhitarian, Krikor Sevag"]
[Black "RobertDowneyJr0111"]
[WhiteFideId "2107660"]
[WhiteElo "2604"]
[BlackElo "2604"]
[Result "0-1"]
[Round "04"]
[TimeControl "180+2"]
[Date "2023.05.16"]
[WhiteClock "0:00:00"]
[BlackClock "0:00:11"]

1. Nf3 d5 2. c4 c6 3. d4 Nf6 4. e3 e6 5. Bd3 dxc4 6. Bxc4 Nbd7 7. O-O Bd6 8. h3 Qe7 9. Bd3 e5 10. e4 O-O 11. Re1 Re8 12. Nc3 exd4 13. Nxd4 Qe5 14. Nf3 Qh5 15. Be2 Bc5 16. Bf4 Nf8 17. e5 Qf5 18. Bh2 Nd5 19. Nxd5 cxd5 20. Qxd5 Bb6 21. Bd3 Be6 22. Bxf5 Bxd5 23. Be4 Bxe4 24. Rxe4 Rac8 25. Re2 Ne6 26. Rd1 Red8 27. Rxd8+ Rxd8 28. Rd2 Rc8 29. Kf1 h6 30. Ke2 g5 31. g4 Rc4 32. Bg3 Kg7 33. Kd1 Rc7 34. Rc2 Rd7+ 35. Rd2 Rc7 36. Ke2 Kf8 37. Kd1 Ke7 38. h4 Rc4 39. hxg5 hxg5 40. Nh2 Bc7 41. Rd3 Re4 42. Re3 Rd4+ 43. Kc2 Rc4+ 44. Rc3 Re4 45. Kd3 Rd4+ 46. Ke2 Re4+ 47. Kf1 Bxe5 48. Bxe5 Rxe5 49. Nf3 Re4 50. Nh2 Rd4 51. Kg2 Rd2 52. Rb3 Nc5 53. Re3+ Kf6 54. b4 Nd3 55. Rf3+ Kg6 56. Kg3 Ne5 57. Re3 f6 58. Nf3 Nxf3 59. Kxf3 Rxa2 60. Re7 b6 61. Rb7 Ra4 62. Kg3 Rxb4 63. Rxa7 Rb3+ 64. f3 b5 65. Rb7 b4 66. Rb6 Kf7 67. Rb7+ Ke6 68. Rb6+ Kf7 69. Rb7+ Ke6 70. Rb6+ Ke5 71. Rb5+ Kd4 72. Rf5 Kc3 73. Rxf6 Ra3 74. Rf5 b3 75. Rc5+ Kb4 76. Rc8 b2 77. Rb8+ Kc3 78. Rc8+ Kd2 79. Rb8 Kc2 0-1


[Site "https://www.chess.com"]

[Event "Titled Tuesday Blitz May 16 Early 2023"]
[White "Chigaev, Maksim"]
[Black "Raahul V S"]
[WhiteFideId "4108116"]
[BlackFideId "25035525"]
[WhiteElo "2558"]
[BlackElo "2190"]
[Result "0-1"]
[Round "04"]
[TimeControl "180+2"]
[Date "2023.05.16"]
[WhiteClock "0:00:06"]
[BlackClock "0:00:33"]

1. Nf3 d5 2. c4 d4 3. b4 g6 4. Bb2 Bg7 5. g3 a5 6. b5 e5 7. d3 Ne7 8. Bg2 O-O 9. O-O c5 10. bxc6 Nexc6 11. Na3 Na6 12. Nb5 Nc5 13. Nd2 Bd7 14. Rb1 f5 15. Nb3 Na4 16. Ba3 Nb4 17. Nc5 Nxc5 18. Rxb4 axb4 19. Bxb4 b6 20. Qc2 Bxb5 21. cxb5 Rc8 22. Bc6 Qd6 23. Qc4+ Kh8 24. Bxc5 bxc5 25. Bd5 Ra8 26. Bxa8 Rxa8 27. a4 e4 28. Rb1 Qb6 29. Qd5 Rxa4 30. Qc6 Qxc6 31. bxc6 Ra8 32. Rb5 Bf8 33. Rb7 Rc8 0-1


[Site "https://www.chess.com"]

[Event "Titled Tuesday Blitz May 16 Early 2023"]
[White "wqws"]
[Black "JeRoma71"]
[WhiteElo "2592"]
[BlackElo "2836"]
[Result "0-1"]
[Round "04"]
[TimeControl "180+2"]
[Date "2023.05.16"]
[WhiteClock "0:00:10"]
[BlackClock "0:01:23"]

1. e4 e6 2. d4 d5 3. Nd2 c5 4. Ngf3 Nc6 5. Bb5 cxd4 6. Nxd4 Bd7 7. Nxc6 bxc6 8. Bd3 Bd6 9. c4 Ne7 10. O-O Qc7 11. Nf3 O-O 12. Re1 f6 13. exd5 cxd5 14. cxd5 Nxd5 15. Bd2 Rad8 16. Rc1 Qb8 17. Qc2 f5 18. Qb3 Qxb3 19. axb3 Nf4 20. Bc4 h6 21. g3 Nd5 22. Nd4 Rfe8 23. Nxe6 Bxe6 24. Rxe6 Rxe6 25. Bxd5 Re8 26. Ra1 Bc5 27. Be3 Bxe3 28. fxe3 Kh7 29. Bxe6 Rxe6 30. Kf2 Rb6 31. Ra3 a6 32. Ke2 g5 33. Kd3 Kg6 34. Kc4 Kh5 35. h3 Rc6+ 36. Kb4 Re6 37. Ka5 Rxe3 38. Kxa6 Rxg3 39. Ra5 f4 40. b4 Rxh3 41. b5 Rb3 42. b6 f3 43. b7 f2 44. Rf5 Rxb2 45. Ka7 Kg4 46. Rf8 Kg3 47. Rf6 Rxb7+ 48. Kxb7 Kg2 0-1


[Site "https://www.chess.com"]